 Dungeon Crawl Stone Soup version 0.31.0-11-ge490571c62 (webtiles) character file.

Game seed: 540340389310707103

21 qw the Ducker (level 2, -1/14 HPs)
             Began as a Spriggan Hunter on Feb 3, 2024.
             Succumbed to their own poison gas
             ... on level 1 of the Dungeon.
             The game lasted 00:00:11 (885 turns).

qw the Ducker (Spriggan Hunter)                      Turns: 885, Time: 00:00:12

Health: -1/14      AC:  2    Str:  7    XL:     2   Next: 65%
Magic:  3/3        EV: 19    Int: 10    God:
Gold:   59         SH:  0    Dex: 18    Spells: 1/1 levels left

rFire   + . .        a - +1 shortbow
rCold   . . .        (shield currently unavailable)
rNeg    . . .        c - +0 robe
rPois   .            (helmet restricted)
rElec   .            (no cloak)
rCorr   .            (gloves unavailable)
SInv    +            (boots unavailable)
Will    .....        (no amulet)
Stlth   ++           l - ring of protection from fire
HPRegen 0.22/turn    (no ring)
MPRegen 0.08/turn

%: no passive effects
@: lethally poisoned (-1 -> -9), very quick
A: very small, no large weapons, unfitting armour, see invisible, speed 3
a: no special abilities


You were on level 1 of the Dungeon.
You visited 1 branch of the dungeon, and saw 1 of its levels.

You collected 59 gold pieces.


Innate Abilities, Weirdness & Mutations

You are very small and have problems with some larger weapons.
You are too small for most types of armour.
You have supernaturally acute eyesight. (SInv)
You cover ground extremely quickly. (Speed+++)


   Skills:
 - Level 1.5 Fighting
 + Level 4.0 Ranged Weapons
 - Level 4.4 Dodging
 - Level 1.5 Stealth


You had one spell level left.
You didn't know any spells.
Your spell library was empty.

Inventory:

Hand Weapons
 a - a +1 shortbow (weapon)
Armour
 c - a +0 robe (worn)
Jewellery
 l - a ring of protection from fire (left hand)
Potions
 m - a potion of attraction {unknown}
 n - a potion of heal wounds

Dungeon Overview and Level Annotations

Branches:
Dungeon (1/15)

Altars:


Message History

You feel much better.
Done exploring.
877 ||| DROPPING scroll of butterflies.
You drop a scroll of butterflies.
Done exploring.
878 ||| DROPPING scroll of poison.
You drop a scroll of poison.
Done exploring.
879 ||| DROPPING potion of brilliance.
You drop a potion of brilliance.
Done exploring.
What level of the Dungeon? (default 1, ? - help) Sorry, I don't know how to get there.
Enter note:
Enter note:
Enter note:
Enter note:
Enter note:
Enter note:
Enter note:
Enter note:
Enter note:
Enter note:
Enter note:
Enter note:
Enter note:
Enter note:
Enter note: You are engulfed in poison gas.
You are lethally poisoned!
You feel very sick.
881 ||| Stepping ~*~*~tactically~*~*~ (cloud).
You feel very sick.
Things that are here:
a potion of brilliance; a scroll of poison; a scroll of butterflies
There is a lethal amount of poison in your body!
You feel very sick.
There is a lethal amount of poison in your body!
You feel very sick.
There is a lethal amount of poison in your body!
You feel sick.
There is a lethal amount of poison in your body!
You die...

.###################.#
.# #..............##.#
.# #...)........¤.##.#
.# #..........)¤.0##.#
.# #..####.#####00##.#
.# #..# #.# #.¤##.# .#
#..# #.# #0.##.# ##
#..# #.# #¤0##.#
#..####.#####@.##.#
#..........##..##.#
#..........##0.##.#
#..###.......0.##.#
#..# #.......00##.#
#..# #.....0¤..##.#
#..# #.....##00#..#
#..# ##..####..#.##
#..# #..# #..#.#


There were no monsters in sight!

Vanquished Creatures
  A gnoll (D:1)
  3 ball pythons (D:1)
  A giant cockroach (D:1)
  2 goblins (D:1)
  A kobold (D:1)
  2 bats (D:1)
10 creatures vanquished.

Notes
Turn   | Place    | Note
-------+----------+-------------------------------------------
     0 | D:1      | qw the Spriggan Hunter began the quest for the Orb.
     0 | D:1      | Reached XP level 1. HP: 10/10 MP: 2/2
     0 | D:1      | 0 ||| qw: Version: 0.3-a-155-g5e7d8dd
     0 | D:1      | 0 ||| qw: Game counter: 3420
     0 | D:1      | 0 ||| qw: Melee chars always use a shield: true
     0 | D:1      | 0 ||| qw: God list: Okawaru
     0 | D:1      | 0 ||| qw: Allow faded altars: false
     0 | D:1      | 0 ||| qw: Do Orc after clearing Dungeon:15 true
     0 | D:1      | 0 ||| qw: Do second Lair branch before Depths: true
     0 | D:1      | 0 ||| qw: Lair rune preference: random
     0 | D:1      | 0 ||| qw: Goals: Normal
     0 | D:1      | 0 ||| PLANNING D:1-11
    37 | D:1      | Reached skill level 3 in Dodging
   193 | D:1      | Reached XP level 2. HP: 14/14 MP: 3/3
   769 | D:1      | Found a faded altar of an unknown god.
   868 | D:1      | 868 ||| UPGRADING to ring of protection from fire.
   869 | D:1      | 869 ||| READING scroll labelled PIMIUSH JIERIN.
   870 | D:1      | 870 ||| READING scroll labelled MOCENO DAEWO.
   870 | D:1      | 870 ||| ENCHANTING +0 shortbow.
   871 | D:1      | 871 ||| READING 2 scrolls labelled DADEMI NICVA.
   872 | D:1      | 872 ||| READING scroll labelled CEHIDY PUIM.
   872 | D:1      | 872 ||| ENCHANTING +0 shortbow.
   873 | D:1      | 873 ||| READING scroll labelled TOUKAPTUSEF.
   873 | D:1      | 873 ||| IDENTIFYING inky potion
   874 | D:1      | 874 ||| READING scroll labelled SOUXONWUETE.
   875 | D:1      | 875 ||| READING scroll labelled BYCEPI SIRCHEI.
   876 | D:1      | 876 ||| DRINKING 2 brown potions.
   877 | D:1      | 877 ||| DROPPING scroll of butterflies.
   878 | D:1      | 878 ||| DROPPING scroll of poison.
   879 | D:1      | 879 ||| DROPPING potion of brilliance.
   881 | D:1      | 881 ||| Stepping ~*~*~tactically~*~*~ (cloud).
   883 | D:1      | HP: 3/14 [poisoned by you (poison gas)]
   884 | D:1      | HP: 1/14 [poisoned by you (poison gas)]
   885 | D:1      | Succumbed to their own poison gas

Levels and vault maps discovered:
D:1:      dpeg_arrival_boxes_within_box, layout_basic,
          dilly_ecumenical_altar_fadedgnrine

Skill      XL: |  1  2 |
---------------+-------+-----
Dodging        | 3 4 |  4.4
Fighting       | |  1.5
Ranged Weapons | |  4.0
Stealth        | |  1.5

Action                     || total
---------------------------++-------
   Fire: Shortbow          ||    30
    Use: Scroll            ||     7
         Potion            ||     1
 Armour: Robe              ||     6
  Dodge: Dodged            ||    13

Table legend:
 A = Non-vault XP
 B = Vault XP
 C = Vault XP percentage of total XP
 D = Non-vault monster count
 E = Vault monster count
 F = Vault count percentage of total count
                 A         B        C        D         E       F
            +---------+---------+-------+---------+---------+-------
      Total |      31 |       0 |   0.0 |      10 |       0 |   0.0
            +---------+---------+-------+---------+---------+-------
        D:1 |      31 |       0 |   0.0 |      10 |       0 |   0.0
            +---------+---------+-------+---------+---------+-------
